 Dungeon Crawl Stone Soup version 0.30-a0-743-gbfdf073431 (webtiles) character file.

Game seed: 6380611582098295824

1 Rrauwl the Ducker (level 1, 0/19 HPs)
             Began as a Gnoll Wanderer on Feb 4, 2023.
             Frozen to death by an endoplasm (1 damage)
             ... on level 1 of the Dungeon.
             The game lasted 00:01:01 (85 turns).

Rrauwl the Ducker (Gnoll Wanderer)                    Turns: 85, Time: 00:01:02

Health: 0/19       AC: 20    Str:  8    XL:     1   Next: 20%
Magic:  4/4        EV:  2    Int:  9    God:
Gold:   0          SH:  0    Dex: 16    Spells: 4/5 levels left

rFire   . . .      SeeInvis .    a - +0 dagger
rCold   . . .      Faith    .    (no shield)
rNeg    . . .      Spirit   .    (body armour currently unavailable)
rPois   +          Reflect  .    (helmet currently unavailable)
rElec   .          Harm     .    (cloak currently unavailable)
rCorr   .          Rampage  .    (gloves currently unavailable)
Will    .....      NoTele   +    (boots currently unavailable)
Stlth   +                        (no amulet)
HPRegen 0.23/turn                (no ring)
MPRegen 0.09/turn                (no ring)

@: tree-form
A: stationary, stasis, torment immunity, boosted hp, (fangs 1), strong nose,
distributed training
a: no special abilities


You were on level 1 of the Dungeon.
You were a tree.
You visited 1 branch of the dungeon, and saw 1 of its levels.

Inventory:

Hand Weapons
 a - a +0 dagger (weapon)
Missiles
 b - 2 throwing nets (quivered)
Armour
 e - a +0 leather armour (melded)
Scrolls
 f - a scroll of vulnerability {unknown}
 g - a scroll of immolation {unknown}
Potions
 d - a potion of haste


   Skills:
 + Level 0.0 Fighting
 + Level 0.0 Short Blades
 + Level 0.0 Long Blades
 + Level 0.0 Axes
 + Level 0.0 Maces & Flails
 + Level 0.0 Polearms
 + Level 0.0 Staves
 + Level 0.0 Ranged Weapons
 + Level 0.0 Throwing
 + Level 4.4 Armour
 + Level 6.4 Dodging
 + Level 0.0 Stealth
 + Level 0.0 Shields
 + Level 0.0 Unarmed Combat
 + Level 2.6 Spellcasting
 + Level 0.0 Conjurations
 + Level 0.0 Hexes
 + Level 0.0 Summonings
 + Level 0.0 Necromancy
 + Level 0.0 Translocations
 + Level 5.3 Transmutations
 + Level 0.0 Fire Magic
 + Level 0.0 Ice Magic
 + Level 0.0 Air Magic
 + Level 0.0 Earth Magic
 + Level 0.0 Poison Magic
 + Level 2.3 Invocations
 + Level 0.0 Evocations


You had 4 spell levels left.
You knew the following spells:

 Your Spells              Type           Power      Damage    Failure   Level
a - Beastly Appendage     Tmut           20%        N/A       3%          1

Your spell library contained the following spells:

 Spells                   Type           Power      Damage    Failure   Level
 Ignite Poison            Fire/Tmut/Pois 4%         N/A       41%         3


Dungeon Overview and Level Annotations

Branches:
Dungeon (1/15)

Altars:


Innate Abilities, Weirdness & Mutations

You are a tree.
Your roots penetrate the ground, keeping you stationary.
You cannot be teleported.
You are immune to unholy pain and torment.
Your maximum health is greatly increased.
Your equipment is partially melded.
((You have very sharp teeth.))
Your uncanny sense of smell can sniff out nearby items.
Your experience applies equally to all skills.


Message History

The kobold shouts!
The quokka misses you. The quokka closely misses you.
The endoplasm attacks as you move away! The endoplasm misses you.
You hit the quokka.
The quokka is severely wounded.
The quokka twitches its whiskers.
The quokka bites you.
You miss the quokka. Your bite misses the quokka.
The quokka is severely wounded.
The quokka closely misses you.
The endoplasm hits you but does no damage.
You hit the quokka.
The quokka is almost dead.
The quokka completely misses you. The endoplasm barely misses you.
You closely miss the quokka.
The quokka is almost dead.
The quokka closely misses you. The endoplasm closely misses you.
The quokka bites you.
You completely miss the quokka.
The quokka is almost dead.
The quokka bites you. The endoplasm freezes you.
You are frozen.
* * * LOW HITPOINT WARNING * * *
You are too injured to fight recklessly!
You are too injured to fight recklessly!
You closely miss the quokka. You bite the quokka, but do no damage.
The quokka is almost dead.
The quokka closely misses you. The endoplasm completely misses you.
The endoplasm attacks as you move away! The endoplasm misses you.
Found 2 puce potions.
Really quaff the potion of lignification?
You turn into a tree.
Your +0 leather armour melds into your body.
Your roots penetrate the ground.
The quokka bites you.
* * * LOW HITPOINT WARNING * * *
The endoplasm freezes you.
You are frozen.
You die...

...####..........
##.....##........
#......##.......#
+......#.......#
#.......>......#
#+
#.....##..###....
#.#
####.....##.K# ..
.# #........##Jr#
##
##.####....#.♣#
.###.##
#............!.
#.#.##
#............#.
.#.##
#..........###
#.#.#
#..........#
.###.#
...........# ##
#.. #####......#
.## ..# ##+#####
#.# ##


You could see an endoplasm, a quokka and a kobold.

Vanquished Creatures
  A hobgoblin (D:1)
1 creature vanquished.

Notes
Turn   | Place    | Note
-------+----------+-------------------------------------------
     0 | D:1      | Rrauwl the Gnoll Wanderer began the quest for the Orb.
     0 | D:1      | Rrauwl set off with the following items: a +0 dagger, 2
                  | throwing nets, a potion of lignification, a potion of
                  | haste, a +0 leather armour; and the following spell
                  | memorised: Beastly Appendage; and the following spells
                  | available to memorise: Ignite Poison.
     0 | D:1      | Reached XP level 1. HP: 13/13 MP: 4/4
    85 | D:1      | Frozen to death by an endoplasm

Illustrated notes

Levels and vault maps discovered:
D:1:      minmay_arrival_diagonal_passages, layout_basic,
          hellmonk_ecumenical_altar_defaced_shrine, patterned_corridor

Action                     || total
---------------------------++-------
  Melee: Dagger            ||    23
         Bite              ||     4
    Use: Potion            ||     1
 Armour: Leather armour    ||     2
  Dodge: Dodged            ||    21

Table legend: (Time is in decaauts)
 A = Elapsed time spent in this place.
 B = Non-inter-level travel time spent in this place.
 C = Inter-level travel time spent in this place.
 D = Time resting spent in this place.
 E = Time spent auto-exploring this place.
 F = Levels seen in this place.
 G = Mean time per level.
                   A        B        C        D        E       F      G
               +--------+--------+--------+--------+--------+-----+--------+
         Total |     85 |     85 |      0 |      0 |     48 |   1 |   85.0 |
       Dungeon |     85 |     85 |      0 |      0 |     48 |   1 |   85.0 |
               +--------+--------+--------+--------+--------+-----+--------+

Top non-repeatable levels by time:
     D:1: 85 daAuts
